 Dungeon Crawl Stone Soup version 0.20.1-1-g8b1a95d (webtiles) character file.

270 Folque the Magician (level 6, 0/39 HPs)
             Began as an Octopode Wizard on Dec 3, 2017.
             Was an Initiate of Sif Muna.
             Killed from afar by an orc wizard (7 damage)
             ... with a magic dart
             ... on level 6 of the Dungeon.
             The game lasted 00:18:26 (4508 turns).

Folque the Magician (Octopode Wizard)               Turns: 4508, Time: 00:18:27

Health: 0/39       AC:  1    Str:  8    XL:     6   Next: 22%
Magic:  1/12       EV: 13    Int: 23    God:    Sif Muna [......]
Gold:   186        SH:  0    Dex: 10    Spells: 6/14 levels left

rFire    . . .     SeeInvis .   s - +0 falchion
rCold    . . .     Gourm    .   (no shield)
rNeg     . . .     Faith    .   a - +0 hat
rPois    .         Spirit   .   (no amulet)
rElec    .         Reflect  .   C - +2 ring of strength
rCorr    .         Harm     .   n - ring of flight
MR       .....                  (no ring)
Stlth    +++.......             (no ring)
Regen    0.2/turn               (no ring)
MPRegen  0.2/turn               (no ring)
                                (no ring)
                                (no ring)

@: lethally poisoned (0 -> -1), very slightly contaminated, slowed, very slow
A: almost no armour, stealthy swim, amphibious, 8 rings, constrict 8, camouflage
1, gelatinous body 1
a: Renounce Religion, Evoke Flight


You were on level 6 of the Dungeon.
You worshipped Sif Muna.
Sif Muna was noncommittal.
You were not hungry.

You visited 2 branches of the dungeon, and saw 8 of its levels.

You collected 186 gold pieces.

Inventory:

Hand Weapons
 d - a +0 dagger
 i - a +0 short sword
 s - a +0 falchion (weapon)
Missiles
 z - 2 throwing nets (quivered)
Armour
 a - a +0 hat (worn)
 e - a +0 shield
Jewellery
 n - a ring of flight (right tentacle)
 C - a +2 ring of strength (left tentacle)
Wands
 q - a wand of iceblast (2/15)
Scrolls
 k - a scroll of teleportation
 l - a scroll of identify
 m - a scroll of fog {unknown}
 o - a scroll of immolation {unknown}
 t - 2 scrolls of enchant armour {unknown}
 w - 4 scrolls of remove curse {unknown}
 y - a scroll of blinking {unknown}
 B - a scroll of magic mapping {unknown}
Potions
 f - a potion of heal wounds
 g - a potion of brilliance {unknown}
 j - a potion of curing {unknown}
 p - 2 potions of resistance {unknown}
 r - a potion of ambrosia {unknown}
 u - a potion of might {unknown}
 v - a potion of lignification {unknown}
 x - 2 potions of mutation {unknown}
 A - a potion of haste {unknown}
 D - a potion of cancellation {unknown}
Books
 b - a book of Minor Magic

   Spells                             Type                      Level
   a - Magic Dart                     Conjuration                  1
   b - Blink                          Translocation                2
   c - Call Imp                       Summoning                    2
   d - Slow                           Hexes                        2
   e - Conjure Flame                  Conjuration/Fire             3
   f - Mephitic Cloud                 Conjuration/Poison/Air       3
Comestibles
 c - 4 bread rations
 h - 4 meat rations
 E - a chunk of flesh


   Skills:
 - Level 2.0 Fighting
 - Level 2.0 Dodging
 - Level 2.6 Stealth
 + Level 4.6 Spellcasting
 * Level 3.4 Conjurations
 - Level 1.0 Summonings
 - Level 1.0 Translocations
 - Level 2.1 Poison Magic


You had 6 spell levels left.
You knew the following spells:

 Your Spells              Type           Power        Failure   Level  Hunger
a - Magic Dart            Conj           ###.         2%          1    None
b - Call Imp              Summ           #.......     10%         2    None
c - Blink                 Tloc           N/A          10%         2    None
d - Mephitic Cloud        Conj/Pois/Air  ##......     14%         3    ##.....


Dungeon Overview and Level Annotations

Branches:
Dungeon (7/15)             Temple (1/1) D:4

Altars:
Ashenzari
Cheibriados
Dithmenos
Elyvilon
Fedhas
Gozag
Kikubaaqudgha
Nemelex Xobeh
Okawaru
Sif Muna
Uskayaw
Xom
Yredelemnul
Zin
The Shining One


Innate Abilities, Weirdness & Mutations

You cannot wear most types of armour.
You are very stealthy in the water. (Stealth+)
You are amphibious.
You can wear up to eight rings at the same time.
You can use your tentacles to constrict eight enemies at once.
Your skin changes colour to match your surroundings (Stealth+).
Your rubbery body absorbs attacks. (AC +1, EV +1)


Message History

The orc wizard casts a spell at you.
You feel yourself slow down.
The orc wizard gestures at you while chanting.
The magic dart hits you!
* * * LOW HITPOINT WARNING * * *
The orc wizard casts a spell.
The orc wizard blinks!
The orc closely misses the orc wizard.
The orc wizard hits you with a dagger.
* * * LOW HITPOINT WARNING * * *
The orc wizard casts a spell at you. You resist with some effort.
You barely miss the orc wizard. You grab the orc wizard.
You squeeze the orc wizard.
The orc wizard is almost dead.
You constrict the orc wizard, but do no damage.
You feel sick.
The orc wizard hits you but does no damage.
The orc wizard gestures at you while chanting.
The magic dart hits you!
You die...

#.. #o# #o# #.#
#.# #.#
#.########.#
#......@o..#
##########o#
.........#########
.#######.........#
#########.# #.#
######.###
..........#
#######.#.#


You could see an orc wizard and an orc (confused).

Vanquished Creatures
  Eustachio (D:4)
  2 worker ants
  2 adders
  3 adder skeletons
  3 worms
  2 dart slugs (D:1)
  3 leopard geckos
  2 ball pythons
  7 bats
  4 giant cockroaches
  7 hobgoblins
  9 kobolds
  2 quokkas
  3 frilled lizards
  3 goblins
  A leopard gecko skeleton (D:4)
  6 rats
60 creatures vanquished.

Vanquished Creatures (collateral kills)
  An adder (D:3)
  A leopard gecko (D:1)
  A hobgoblin (D:3)
3 creatures vanquished.

Grand Total: 63 creatures vanquished

Notes
Turn   | Place    | Note
-------+----------+-------------------------------------------
     0 | D:1      | Folque the Octopode Wizard began the quest for the Orb.
     0 | D:1      | Reached XP level 1. HP: 11/11 MP: 4/4
    88 | D:1      | Reached skill level 1 in Fighting
   582 | D:1      | Reached XP level 2. HP: 18/18 MP: 6/6
   927 | D:1      | Learned a level 2 spell: Call Imp
   930 | D:1      | Learned a level 2 spell: Blink
  1617 | D:2      | Reached XP level 3. HP: 20/24 MP: 4/7
  1625 | D:2      | Learned a level 3 spell: Mephitic Cloud
  2661 | D:3      | Found a faded altar of an unknown god.
  2765 | D:3      | You fall through a shaft!
  2849 | D:4      | Noticed Eustachio
  2874 | D:4      | Killed Eustachio
  2874 | D:4      | Reached skill level 4 in Spellcasting
  2874 | D:4      | Reached XP level 4. HP: 21/29 MP: 8/10
  2874 | D:4      | Reached XP level 5. HP: 25/34 MP: 8/11
  3215 | D:4      | Found a staircase to the Ecumenical Temple.
  3223 | Temple   | Entered the Ecumenical Temple
  3256 | Temple   | Became a worshipper of Sif Muna the Loreminder
  3442 | D:3      | Reached skill level 1 in Poison Magic
  3632 | D:3      | Reached XP level 6. HP: 35/39 MP: 12/12
  4173 | D:5      | Entered Level 5 of the Dungeon
  4279 | D:5      | You fall through a shaft for 2 floors!
  4357 | D:6      | Noticed an ice beast
  4508 | D:6      | Killed from afar by an orc wizard

Skill      XL: |  1  2  3  4  5  6 |
---------------+-------------------+-----
Fighting       | 1 2 |  2.0
Spellcasting   | 4 |  4.6
Conjurations   | 3 |  3.4
Poison Magic   | 1 2 |  2.1
Dodging        | |  2.0
Stealth        | |  2.6
Summonings     | |  1.0
Translocations | |  1.0

Action                   |  1- 3 |  4- 6 || total
-------------------------+-------+-------++-------
Melee: Unarmed           |    21 |       ||    21
       Tentacles         |    28 |     8 ||    36
       Constrict         |    26 |    23 ||    49
       Dagger            |    34 |       ||    34
       Short sword       |    69 |       ||    69
       Falchion          |       |    62 ||    62
 Cast: Magic Dart        |    16 |     4 ||    20
       Call Imp          |     4 |     7 ||    11
       Blink             |     1 |     2 ||     3
       Mephitic Cloud    |     1 |     4 ||     5
Evoke: Wand              |       |     1 ||     1
  Use: Scroll            |       |     5 ||     5
       Potion            |       |     1 ||     1
 Stab: Sleeping          |     9 |     5 ||    14
       Confused          |     3 |       ||     3
  Eat: Chunk             |     6 |     6 ||    12
Armor: Skin              |     9 |     2 ||    11
Dodge: Dodged            |    46 |    54 ||   100
       Rpst.: Falchion   |       |    21 ||    21
